Cogmind - Beta 12 @@@ ROGUE MODE // 2023.07.16 @ 05:35:53 Player: woons Result: Destroyed by D-53 Grenadier with Mini Grenade Launcher Performance ------------- Evolutions (0) 0 Regions Visited (4) 800 Robots Destroyed (42) 210 Value Destroyed (610) 610 Prototype IDs (1) 20 Alien Tech Used (0) 0 Bonus (-276) -276 TOTAL SCORE: 1364 Bonus ------- Aligned with FarCom 300 Friendly Fire -576 Cogmind --------- Core Integrity 0/250 Matter 300/300 Energy 124/160 System Corruption 2% Temperature Cool (0) Movement Walking (190) Ox1 Location -9/Mines Parts ------- > --- POWER (1) -------- Light Nuclear Core > --- PROPULSION (2) --- Carbon-fiber Leg > --- UTILITY (2) ------ Medium Storage Unit > --- WEAPON (2) ------- Guided Plasma Cannon Heavy Assault Rifle > --- INVENTORY (10) --- Improved Heat Sink Medium Matter Pod (100) Sensor Array Faulty Experimental Sensor Array Seismic Detector Light Armor Plating Beamcaster Light Cannon Peak State ------------ > --- POWER ------------ Light Nuclear Core > --- PROPULSION ------- Carbon-fiber Leg Carbon-fiber Leg > --- UTILITY ---------- Medium Storage Unit Signal Interpreter > --- WEAPON ----------- Guided Plasma Cannon Light Cannon > --- INVENTORY -------- Aluminum Leg Improved Heat Sink Medium Matter Pod Sensor Array Seismic Detector Light Armor Plating Light Armor Plating Beamcaster Heavy Assault Rifle Mining Laser [Rating: 21] Favorites ----------- Power Ion Engine Engine Ion Engine Power Core Light Nuclear Core Propulsion Aluminum Leg Leg Aluminum Leg Utility Medium Storage Unit Device Seismic Detector Storage Medium Storage Unit Processor Signal Interpreter Protection Light Armor Plating Weapon Light Cannon Energy Gun Particle Gun Energy Cannon Guided Plasma Cannon Ballistic Gun Assault Rifle Ballistic Cannon Light Cannon Special Weapon Mining Laser Build | -11 -10 -10 -10 -9 ------- Run | Jun Mat Min Exi Min Slots Evolved . | . . . . . Power . | . . . . . Propulsion . | . . . . . Utility . | . . . . . Weapon . | . . . . . Parts Attached 33 | 2 14 11 1 5 Power 3 | . 1 2 . . Engine 2 | . 1 1 . . Core 1 | . . 1 . . Reactor . | . . . . . Propulsion 6 | . 2 4 . . Treads . | . . . . . Leg 6 | . 2 4 . . Wheel . | . . . . . Hover . | . . . . . Flight . | . . . . . Utility 8 | 2 3 2 . 1 Device 3 | 1 1 1 . . Storage 3 | 1 1 1 . . Processor 1 | . 1 . . . Hackware . | . . . . . Protection 1 | . . . . 1 Artifact . | . . . . . Weapon 16 | . 8 3 1 4 Energy Gun 3 | . . 1 . 2 Energy Cannon 2 | . . . 1 1 Ballistic Gun 6 | . 3 2 . 1 Ballistic Cannon 1 | . 1 . . . Launcher . | . . . . . Special Weapon 4 | . 4 . . . Impact Weapon . | . . . . . Slashing Weapon . | . . . . . Piercing Weapon . | . . . . . Special Melee Weapon . | . . . . . Unidentified Prototypes 1 | . . . 1 . Corrupted Parts 1 | 1 . . . . System Corruption 1 | 1 . . . . Parts Lost 3 | . . . . 3 Power . | . . . . . Propulsion 1 | . . . . 1 Utility 1 | . . . . 1 Weapon 1 | . . . . 1 Highest Loss Streak 3 | . . . . 3 To Critical Strikes . | . . . . . Average Slot Usage (%) 99 | . 98 99 100 100 Engine 7 | . 14 5 . . Core 6 | . . 8 14 14 Leg 28 | . 28 28 28 28 Device 4 | . 11 . . . Storage 13 | . 14 13 14 14 Processor 9 | . 2 14 14 11 Energy Gun 4 | . . 3 11 13 Ballistic Gun 8 | . 10 10 . 10 Ballistic Cannon 12 | . 12 14 14 3 Special Weapon 1 | . 2 . . . Naked Turns . | . . . . . Heaviest Build 28 | 19 21 21 28 28 Greatest Support 30 | 20 20 30 30 30 Greatest Overweight (x) 1 | . 1 1 . . Average Overweight (x) . | . . . . . Largest Inventory Capacity 10 | 8 10 10 10 10 Average Capacity 9 | 8 8 9 10 10 Most Carried 10 | 8 9 10 10 10 Average Carried 8 | 7 7 9 9 9 Final Capacity 10 | 8 10 10 10 10 Final Carried 10 | 8 9 10 10 8 Class Distribution -------------------- 54% | Mutant 45% | Scavenger-Mutant Dominant Class ---------------- Mutant | -10/Materials Scavenger-Mutant | -10/Mines Scavenger-Mutant | -10/Exiles Scavenger-Mutant | -9/Mines Resources | -11 -10 -10 -10 -9 ----------- Run | Jun Mat Min Exi Min Matter Collected 1189 | 228 580 281 . 100 Remotely . | . . . . . Salvage Created 1422 | 124 815 419 . 64 Parts 78 | 10 41 19 . 8 Haulers Intercepted 1 | . 1 . . . Recyclers Shooed 1 | . . 1 . . Parts Field Recycled . | . . . . . Retrieved Matter . | . . . . . Parts Self-Destructed . | . . . . . Prevented . | . . . . . Kills | -11 -10 -10 -10 -9 ------- Run | Jun Mat Min Exi Min Combat Hostiles Destroyed 26 | . 14 7 . 5 Guns 15 | . 9 1 . 5 Cannons 11 | . 5 6 . . Classes Destroyed 8 | 2 5 . . 1 Worker 1 | . 1 . . . Tunneler 3 | 2 . 1 . . Hauler 1 | . 1 . . . Recycler 7 | 1 5 1 . . Watcher 2 | . 2 . . . Swarmer 16 | . 9 3 . 4 Grunt 9 | . 5 4 . . Assembled 1 | . . . . 1 Thug 3 | . . 3 . . Best Kill Streak 7 | 2 7 3 . 4 Combat Bots Only 7 | . 7 3 . 4 Max Kills in Single Turn 2 | 1 1 1 . 2 Gunslinging 1 | . . . . 1 Exploded . | . . . . . Melee . | . . . . . Uniques/NPCs Destroyed . | . . . . . Combat | -11 -10 -10 -10 -9 -------- Run | Jun Mat Min Exi Min Damage Taken 1156 | . 455 195 . 506 Core 274 | . 82 48 . 144 Absorbed by Shields . | . . . . . Regen/Repaired (Parts) 110 | . 110 . . . Core Remaining (%) 100 | 100 . . . . Volleys Fired 103 | 6 61 26 . 10 Largest 2 | 2 2 2 . 2 Hottest 135 | 60 135 100 . 120 Shots Fired 186 | 13 101 52 . 20 Gun 103 | 13 45 26 . 19 Cannon 70 | . 43 26 . 1 Launcher . | . . . . . Special 13 | . 13 . . . Kinetic 148 | 6 88 45 . 9 Thermal 31 | . 13 7 . 11 Explosive . | . . . . . Electromagnetic 7 | 7 . . . . Robot Hit Streak 9 | 2 8 9 . 5 Robot Miss Streak 5 | 3 5 3 . 2 Penetration Max . | . . . . . Secondary Targets 2 | . . . . 2 Max Gunslinging Chain 1 | . . . . 1 Shots Hit Robots 88 | 6 40 29 . 13 Core Hits 68 | 4 25 33 . 6 Critical Kills . | . . . . . Critical Parts Destroyed . | . . . . . Critical Strikes 2 | . . 2 . . Burn 1 | . . 1 . . Blast 1 | . . 1 . . Melee Attacks . | . . . . . Impact . | . . . . . Slashing . | . . . . . Piercing . | . . . . . Sneak Attacks . | . . . . . Combat Hostiles . | . . . . . Follow-up Attacks . | . . . . . Damage Inflicted 1728 | 114 631 731 . 252 Guns 688 | 79 208 188 . 213 Cannons 809 | . 423 347 . 39 Explosions 35 | 35 . . . . Melee . | . . . . . Ramming 196 | . . 196 . . Kinetic 1266 | 41 631 477 . 117 Thermal 228 | 35 . 58 . 135 Explosive . | . . . . . Electromagnetic 38 | 38 . . . . Impact . | . . . . . Slashing . | . . . . . Piercing . | . . . . . Highest Corruption 2 | 1 1 1 1 2 Average Corruption 1 | 1 1 1 1 1 Corruption Purged . | . . . . . Corruption Blocked . | . . . . . Effects 24 | 1 10 7 5 1 Message Errors 3 | . 1 2 . . Matter Fused 9 | . 5 2 2 . Heat Flow Errors 1 | . 1 . . . Energy Discharges 2 | . . 2 . . Data Loss (minor) 4 | . 1 . 3 . Data Loss (major) 2 | . 1 1 . . Misfires 3 | 1 1 . . 1 Overload Shots . | . . . . . Overflow Damage 6 | . 6 . . . Projectiles 6 | . 6 . . . Explosions . | . . . . . Melee . | . . . . . Knockbacks 4 | . 2 2 . . Impact 1 | . . 1 . . Kinetic 3 | . 2 1 . . Secondary . | . . . . . Self-Inflicted Damage . | . . . . . Shots . | . . . . . Rammed . | . . . . . Targets Rammed 71 | . 1 70 . . Kicked 71 | . 1 70 . . Crushed . | . . . . . Highest Temperature 150 | 2 125 135 . 150 Average Temperature 36 | 2 22 34 . 65 Received Heat Transfer 185 | . 108 57 . 20 Siege Activations . | . . . . . Robots Corrupted . | . . . . . Combat Hostiles . | . . . . . Parts Fried . | . . . . . Impact Corruptions . | . . . . . Robots Melted . | . . . . . Combat Hostiles . | . . . . . Parts Melted . | . . . . . Heat Transferred 524 | . . 222 . 302 Parts Sabotaged . | . . . . . Parts Stolen . | . . . . . Parts Stripped . | . . . . . Power Chain Reactions 1 | 1 . . . . Missiles Intercepted . | . . . . . Alert | -11 -10 -10 -10 -9 ------- Run | Jun Mat Min Exi Min Peak Influence 360 | 15 360 257 . 90 Initial 62 | . 9 62 . . Average 128 | 8 171 98 . 42 Maximum Alert Level 1 | . 1 1 . . Low Security (%) 71 | 100 53 86 . 100 Level 1 28 | . 46 13 . . Level 2 . | . . . . . Level 3 . | . . . . . Level 4 . | . . . . . Level 5 . | . . . . . High Security . | . . . . . Max Security . | . . . . . Squads Dispatched 3 | . 3 . . . Investigation . | . . . . . Extermination . | . . . . . Reinforcement 3 | . 3 . . . Assault . | . . . . . Garrison . | . . . . . Intercept . | . . . . . Searches Triggered . | . . . . . Construction Impeded . | . . . . . Haulers Reinforced . | . . . . . Active Scanning Responses . | . . . . . Cargo Convoy Interrupts . | . . . . . Stealth | -11 -10 -10 -10 -9 --------- Run | Jun Mat Min Exi Min Distress Signals 2 | . 2 . . . Communications Jammed . | . . . . . Distress Signals . | . . . . . Times Spotted 53 | . 24 9 . 20 Peak Tracking Total 10 | . 4 3 . 10 Tactical Retreats 2 | . 1 . . 1 Traps | -11 -10 -10 -10 -9 ------- Run | Jun Mat Min Exi Min Traps Triggered . | . . . . . Indirectly . | . . . . . Trap Hack Attempts . | . . . . . Triggered . | . . . . . Disarmed . | . . . . . Reprogrammed . | . . . . . Reused . | . . . . . Traps Extracted . | . . . . . Installed . | . . . . . Triggered . | . . . . . Machines | -11 -10 -10 -10 -9 ---------- Run | Jun Mat Min Exi Min Machines Disabled 2 | . 2 . . . Max in Single Turn 1 | . 1 . . . Machines Repaired . | . . . . . Machines Sabotaged . | . . . . . Overloaded Fab Kills . | . . . . . Hacking | -11 -10 -10 -10 -9 --------- Run | Jun Mat Min Exi Min Machines Accessed 5 | . 5 . . . Terminals 4 | . 4 . . . Fabricators . | . . . . . Repair Stations 1 | . 1 . . . Recycling Units . | . . . . . Scanalyzers . | . . . . . Garrison Access . | . . . . . Total Hacks 21 | . 21 . . . Successful 14 | . 14 . . . Failed 7 | . 7 . . . Catastrophic . | . . . . . Database Lockouts . | . . . . . Manual 12 | . 9 . 3 . Terminals 10 | . 10 . . . Fabricators . | . . . . . Repair Stations 11 | . 11 . . . Recycling Units . | . . . . . Scanalyzers . | . . . . . Garrison Access . | . . . . . Terminal Hacks 2 | . 2 . . . Branch Access Points 1 | . 1 . . . Emergency Access Points 1 | . 1 . . . Fabricator Hacks . | . . . . . Repair Station Hacks 7 | . 7 . . . Scan Component 4 | . 4 . . . Repair 3 | . 3 . . . Recycling Unit Hacks . | . . . . . Scanalyzer . | . . . . . Garrison Access Hacks . | . . . . . Unauthorized Hacks 5 | . 5 . . . Terminals 4 | . 4 . . . Botnet 4 | . 4 . . . Fabricators . | . . . . . Repair Stations 1 | . 1 . . . Mechanics 1 | . 1 . . . Recycling Units . | . . . . . Scanalyzers . | . . . . . Garrison Access . | . . . . . Data Cores Recovered . | . . . . . Used . | . . . . . Hacking Detections 4 | . 4 . . . Full Trace Events 1 | . 1 . . . Feedback Events . | . . . . . Feedback Blocked . | . . . . . Robot Schematics Acquired . | . . . . . Robots Built . | . . . . . Authchips . | . . . . . Time . | . . . . . Total Robot Build Rating . | . . . . . Part Schematics Acquired . | . . . . . Parts Built . | . . . . . Authchips . | . . . . . Time . | . . . . . Total Part Build Rating . | . . . . . Parts Repaired 3 | . 3 . . . Time 78 | . 78 . . . Parts Recycled . | . . . . . Recycled Matter . | . . . . . Retrieved Matter . | . . . . . Retrieved Components . | . . . . . Parts Scanalyzed . | . . . . . Part Schematics Acquired . | . . . . . Parts Damaged . | . . . . . Bothacking | -11 -10 -10 -10 -9 ------------ Run | Jun Mat Min Exi Min Used RIF Installer . | . . . . . Robots Hacked . | . . . . . Non-combat . | . . . . . Combat . | . . . . . Robot Hacks Applied . | . . . . . Relay Couplers Released . | . . . . . Fabnet Peak Effective % . | . . . . . Robots Rewired . | . . . . . Allies Hacked . | . . . . . Hacks Repelled . | . . . . . Allies | -11 -10 -10 -10 -9 -------- Run | Jun Mat Min Exi Min Total Allies . | . . . . . Largest Group . | . . . . . Highest-Rated Group . | . . . . . Highest-Rated Ally . | . . . . . Total Orders . | . . . . . Ally Attacks . | . . . . . Total Damage . | . . . . . Kills . | . . . . . Allies Corrupted . | . . . . . Allies Melted . | . . . . . Intel | -11 -10 -10 -10 -9 ------- Run | Jun Mat Min Exi Min Robot Analysis Total . | . . . . . Derelict Logs Recovered 3 | . . 2 . 1 Drone Launches . | . . . . . Drone Recoveries . | . . . . . Exploration | -11 -10 -10 -10 -9 ------------- Run | Jun Mat Min Exi Min Turns Passed 3036 | 70 1207 911 663 185 Spaces Moved 1860 | 26 639 549 543 103 Core . | . . . . . Treads . | . . . . . Legs 1860 | 26 639 549 543 103 Wheels . | . . . . . Hover . | . . . . . Flight . | . . . . . Fastest Speed 120 | 120 120 120 120 120 Average Speed 124 | 120 127 126 120 120 Slowest Speed 190 | 120 190 190 120 120 Overloaded Moves . | . . . . . Propulsion Burnouts . | . . . . . Robots Hopped . | . . . . . Cave-ins Triggered . | . . . . . Exploration Rate (%) 56 | 4 71 78 94 35 Regions Visited 4 Branch Regions 3 Pre-discovered Areas 2 | . . 1 . 1 Known Exits Taken 3 | . 1 1 1 . Unknown Exits Taken 1 | 1 . . . . Scrap Searched 1 | . . 1 . . Spaces Dug 11 | . 11 . . . Terrain Destroyed 20 | 7 13 . . . Melee . | . . . . . Projectile 13 | . 13 . . . AOE 7 | 7 . . . . Terrain Rammed . | . . . . . Walls Destroyed . | . . . . . Machines Disabled . | . . . . . Actions | -11 -10 -10 -10 -9 --------- Run | Jun Mat Min Exi Min Total 2364 | 53 906 705 555 145 Wait 233 | 15 168 20 5 25 Move 1856 | 25 638 548 542 103 Hop . | . . . . . Pick Up 31 | 4 11 14 1 1 Fast Attach 4 | . . 3 1 . Attach 5 | 1 2 1 . 1 Detach 1 | . 1 . . . Swap 24 | 1 12 7 . 4 Drop 32 | 1 12 16 2 1 Fire 103 | 6 61 26 . 10 Melee . | . . . . . Ram . | . . . . . Kick 71 | . 1 70 . . Crush . | . . . . . Escape Stasis . | . . . . . Rewire 4 | . . . 4 . Trap . | . . . . . Miscellaneous . | . . . . . Route ------- -11/Junkyard -10/Materials (discovered 4 exits: *Mat x2 / *Min x2) -10/Mines (discovered 3 exits: *Mat x2 / *Exi) -10/Exiles (discovered 2 exits: *Min x2) -9/Mines History --------- Turn | Location | Event 1 | -11/Junkyard | Discovered new exit (range 3) 71 | -11/Junkyard | Entered Materials 237 | -10/Materials | Identified exit to Mines 312 | -10/Materials | Build established: Mutant 383 | -10/Materials | Discovered new exit (range 11) 765 | -10/Materials | Discovered new exit (range 5) 771 | -10/Materials | Destroyed 7 combat bots 1055 | -10/Materials | Identified exit to Materials 1196 | -10/Materials | Repaired Assault Rifle 1223 | -10/Materials | Repaired Mining Laser 1250 | -10/Materials | Repaired Seismic Detector 1278 | -10/Materials | Entered Mines 1282 | -10/Mines | Met a Derelict bent on vengeance 1473 | -10/Mines | Discovered exit to Materials (range 8) 1480 | -10/Mines | Deemed a non-threat by the Exiles lab entrance 1480 | -10/Mines | Discovered new exit (range 5) 1485 | -10/Mines | Identified exit to Exiles 1548 | -10/Mines | Core integrity fell below 50% 1800 | -10/Mines | Learned location of Storage (-7) 1812 | -10/Mines | Found a hidden stash of uninstalled traps 1864 | -10/Mines | Joined a pair of Derelicts in attacking an 0b10 outpost 1961 | -10/Mines | Build established: Scavenger-Mutant 2189 | -10/Mines | Entered Exiles 2214 | -10/Exiles | Discovered new exit (range 14) 2230 | -10/Exiles | Identified exit to Mines 2256 | -10/Exiles | Met 8R-AWN 2282 | -10/Exiles | Met EX-HEX 2382 | -10/Exiles | Met EX-DEC 2416 | -10/Exiles | Visited The Gauntlet 2635 | -10/Exiles | Met EX-BIN 2656 | -10/Exiles | Aligned with FarCom system 2657 | -10/Exiles | Given EX-Vault access code 2712 | -10/Exiles | Opened EX-Vault 2719 | -10/Exiles | Found Prototype Energy Cannon 2719 | -10/Exiles | Identified Gui. Plasma Cannon 2749 | -10/Exiles | Warned to stay clear of 0b10 Research branches 2765 | -10/Exiles | Exiles lab attacked by MAIN.C 2836 | -10/Exiles | Discovered exit to Mines (range 14) 2852 | -10/Exiles | Left Exiles lab with Gui. Plasma Cannon 2852 | -10/Exiles | Entered Mines 2936 | -9/Mines | Found a damaged Exp. Sensor Array with a note attached 2939 | -9/Mines | Found Prototype Device 2971 | -9/Mines | Assembled infested the area 2976 | -9/Mines | Assisted by a Guerilla fighting off Assembled 3010 | -9/Mines | Core integrity fell below 20% 3037 | -9/Mines | Destroyed by D-53 Grenadier with Mini Grenade Launcher Last Messages --------------- 03001_ Discarded Signal Interpreter. 03009_ as-14724 destroyed. 03009_ Knocked back. 03018_ Acquired derelict log, extracted data. World map confirmed: -7/Storage. 03022_ System corrupted: FCS attempts to trigger Particle Gun. 03022_ System corrupted: Particle Gun misfires. 03025_ S-10 Pest destroyed. 03026_ K-01 Serf collects debris. 03028_ as-39601 sneak attacks. 03028_ K-01 Serf system corrupted by crushing effect. 03028_ K-01 Serf destroyed. 03030_ S-10 Pest destroyed. 03034_ Acquired 40 matter. 03035_ Particle Gun destroyed. 03035_ System corrupted by crushing effect (+1). 03035_ Carbon-fiber Leg destroyed. 03037_ Acquired 10 matter. 03037_ Lgt. Armor Plating destroyed. 03037_ as-57314 destroyed. Map ----- +----------------------------------------------------+ | | | | | ?????????????????????????????????????????????????? | | ?????????????????????????????????????????????????? | | ?????????????????????????????????????????????????? | | ?????????????????????????????????????????????????? | | ???????????????????????????????????????????????### | | ??????????????????????????????????????????????## # | | ??????????????????????????????????????????##### | | ??????????????????????????????????????????# | | ??????#???????????????????????????????????# ## | | ?????? ##?????????????????????????????????# ### | | ?###### ?????????????#???????????????????# #?## | | ## | ##??????????? ???#????????????#### #??# | | ? !%! ##?????????? ??? ????????????# #?## | | ?? = ??????????? ?? ???#####?????# ####?# | | ??? ???????????# ???## ##????# #????# | | ???? ???????????? ##### ##???# #????# | | ?????" ?????####### ## ##??# #????# | | ??????" %#????## ## t# ##?# #????## | | ??????# % #????# ## # # ### #?????### | | ??????# # ### # ##??????? | | ??????# =% # #??????? | | ??????# * a d [ #### #??????? | | ??????## ######d [ ##?## ##??????? | | ???????# ##????# % =@ #??#### ##???????? | | ???????# #??????# #?????#####????????? | | ???????# #??????## # # #??????????????????? | | ???????# #???????????##### #??????????????????? | | ???????# #?????????????## #??????????????????? | | ???????# #?????????????# #??????????????????? | | ???????# #########?????# #??????????????????? | | ???????# #?????## #??????????????????? | | ???????# #??????## #??????????????????? | | ???????#########%#???????# #??????????????????? | | ???????????????# #??###### a #??????????????????? | | ???????????????# #### #??????????????????? | | ???????????????# ## ### #?????????????????? | | ???????????????### #?# a #???????????????? | | ?????????????????# ####?# #??????????????? | | ?????????????????# #????# #??????????????? | | ?????????????????# #????# #?????????????? | | ?????????????????# ???? [ #?????????????? | | ?????????????????# ???? %= ##?????????????? | | ?????????????????###???? =% #??????????????? | | ???????????????????????? ?????????????? | | ??????????????????????? ?????????????? | | ??????????????????????? ### ###????????????? | | ??????????????????????? #???# ##??????????????? | | ???????????????????????#?????####????????????????? | +----------------------------------------------------+ Best States ------------- Heat Dissipation 25 Energy Generation 14 Energy Capacity 250 Matter Stores 300 Matter Capacity 300 Sight Range 16 Terrain Scan Density 10 Armor Coverage 150 Evasion (%) 55 Item Schematics ----------------- None Robot Schematics ------------------ None Fabricated ------------ Nothing Alien Tech Used ----------------- None Achievements -------------- Quantum Hacking True Hacker Challenges ------------ None Game ------ Seed RefineryIntegratedStripper Manual? 0 Play Time 00:46:22 Cumulative 25.2 hours Start 2023.07.16 @ 04:40:51 End 2023.07.16 @ 05:35:53 Sessions 1 Manual Loads 0 Difficulty Rogue Special Mode None Game No. 22 Rogue 21 Adventurer 1 Explorer 0 Win Type - Total 0 Types 0/0/0/0/0/0/0/0/0 Lore% 22 Gallery% 35 Achievement% 26 Wizard Run 0 Options --------- ASCII 0 Keyboard 0 Movement Mouse Keybinds 0 Fullscreen 2 Font 24/Proggy Map View 76x50 Tactical HUD 1 Map Filters NONE Filters NONE Steam 1 RUN: 68f567db-9a87-4539-b72d-7f3d2f66910e